 Dungeon Crawl Stone Soup version 0.26.0-15-gc6cd9f700b (webtiles) character file.

Game seed: 7602145461245825611

4 EnegeticOcto the Sneak (level 1, -1/20 HPs)
             Began as a Deep Dwarf Delver on Jan 16, 2021.
             Slain by a sky beast (2 damage)
             ... on level 5 of the Dungeon.
             The game lasted 00:00:28 (55 turns).

EnegeticOcto the Sneak (Deep Dwarf Delver)            Turns: 55, Time: 00:00:29

Health: -1/20      AC:  3    Str: 15    XL:     1   Next: 58%
Magic:  0/0        EV: 12    Int: 10    God:
Gold:   0          SH:  0    Dex: 14    Spells: 0/0 levels left

rFire    . . .     SeeInvis .   a - +0 hand axe
rCold    . . .     Faith    .   (no shield)
rNeg     . . .     Spirit   .   b - +0 leather armour
rPois    .         Reflect  .   (no helmet)
rElec    .         Harm     .   (no cloak)
rCorr    .         Rampage  .   (no gloves)
Will     .....                  (no boots)
Stlth    +++.......             (no amulet)
HPRegen  0.00/turn              (no ring)
MPRegen  0.07/turn              (no ring)

@: non-regenerating
A: damage resistance, heal wounds, sense surroundings 1, no regeneration
a: Heal Wounds


You were on level 5 of the Dungeon.
You visited 1 branch of the dungeon, and saw 1 of its levels.

Inventory:

Hand Weapons
 a - a +0 hand axe (weapon)
Armour
 b - a +0 leather armour (worn)
Wands
 g - a wand of digging (3) {@v3}
Scrolls
 c - a scroll of fog {!r}
 e - a scroll of fear {!r}
Potions
 f - a potion of haste {@q4 !q}
 h - a potion of magic {unknown}


   Skills:
 - Level 2.6 Fighting
 + Level 2.7 Axes
 - Level 2.1 Dodging
 - Level 6.0 Stealth


You couldn't memorise any spells.
You didn't know any spells.
Your spell library was empty.

Dungeon Overview and Level Annotations

Branches:
Dungeon (5/15)
 Temple: D:4-7

Altars:
Ru


Innate Abilities, Weirdness & Mutations

You are resistant to damage.
You can heal yourself by infusing magical energy.
You passively map a small area around you.
You do not regenerate.


Message History

Welcome, EnegeticOcto the Deep Dwarf Delver.
Will you be the one to retrieve the fabled Orb of Zot from the depths?
Press ? for a list of commands and other information.
Found a smoky pink potion and 23 stones.
Found a stone staircase leading down.
h - a smoky pink potion Really read
d - a scroll of magic mapping {@r5 !r}?
As you read the scroll of magic mapping {@r5 !r}, it crumbles to dust.
You feel aware of your surroundings.
You sensed 1 altar.
There is a stone staircase leading down here.
A worker ant comes into view.
Found a stone staircase leading up.
A worker ant comes into view.
You open the door.
A quokka and a goblin come into view.
The goblin shouts!
Found a sacrificial altar of Ru.
A sky beast comes into view.
A frilled lizard comes into view.
A hobgoblin comes into view.
There is an open door here.
The goblin hits you with a +0 dagger.
The helpless quokka fails to defend itself.
You slash the quokka!
You kill the quokka!
The frilled lizard hisses angrily.
You hit the goblin but do no damage. The goblin hits you but does no damage.
You closely miss the sky beast. You barely miss the goblin.
You barely miss the hobgoblin. The sky beast barely misses you.
The hobgoblin closely misses you.
The sky beast hits you but does no damage.
You hit the sky beast.
The sky beast is lightly wounded.
You hit the hobgoblin but do no damage. You hit the goblin.
You kill the goblin!
The hobgoblin hits you. The sky beast closely misses you.
You barely miss the sky beast.
The sky beast is lightly wounded.
You barely miss the hobgoblin. The hobgoblin barely misses you.
The sky beast hits you but does no damage.
The frilled lizard hisses angrily.
You closely miss the sky beast.
The sky beast is lightly wounded.
You hit the frilled lizard.
You kill the frilled lizard!
You hit the hobgoblin.
The hobgoblin hits you but does no damage.
The sky beast hits you. The sky beast shocks you.
You hit the sky beast.
The sky beast is moderately wounded.
You hit the hobgoblin.
You kill the hobgoblin!
The sky beast hits you but does no damage.
You barely miss the sky beast.
The sky beast is moderately wounded.
The sky beast hits you. The sky beast shocks you.
Your magical essence is drained by the effort!
You feel much better.
The sky beast hits you but does no damage.
You hit the sky beast.
The sky beast is heavily wounded.
The sky beast closely misses you. The sky beast hits you.
The sky beast shocks you.
You hit the sky beast.
The sky beast is heavily wounded.
The sky beast barely misses you.
You closely miss the sky beast.
The sky beast is heavily wounded.
The sky beast hits you. The sky beast shocks you.
You closely miss the sky beast.
The sky beast is heavily wounded.
The sky beast hits you. The sky beast shocks you.
You closely miss the sky beast.
The sky beast is heavily wounded.
The sky beast hits you.
* * * LOW HITPOINT WARNING * * *
The sky beast shocks you.
* * * LOW HITPOINT WARNING * * *
You hit the sky beast.
The sky beast is severely wounded.
The sky beast hits you.
You die...

******* ******* *,,,,,* *,,,,,*
*,,+#######+,,* *,,#...#...#,,*
*,,#...#...*,.#
*********,*#......,**.#
*,,,,,,,,,*###._†###*.#
*,,,,,,,,,*#...†@..##.#
*,,,,,,,,,,#...#.Y.#..#
*,,,,,,,,,,#..,#...#..#####*****
+,,,,,,,,,,+#######'.......,,,,*
*,,,,,,,,,,,.........####.#***,**
*,,,,,,,,,**##...Y#..# *,*,,*,*,
,,,,,,,,,,* #.B..##.# *,,,,*,*,
,,,,,,,,,,* #...,*#.# **##*,*,*,
,,,,,,,,,,* #...,*#.##*,.,,,,,,,


You could see a sky beast.

Vanquished Creatures
  A goblin (D:5)
  A hobgoblin (D:5)
  A quokka (D:5)
  A frilled lizard (D:5)
4 creatures vanquished.

Notes
Turn   | Place    | Note
-------+----------+-------------------------------------------
     0 | D:5      | EnegeticOcto the Deep Dwarf Delver began the quest for the
                  | Orb.
     0 | D:5      | Reached XP level 1. HP: 20/20 MP: 1/1
    24 | D:5      | Noticed a worker ant
    35 | D:5      | Noticed a worker ant
    36 | D:5      | Found a sacrificial altar of Ru.
    37 | D:5      | Noticed a sky beast
    49 | D:5      | Your magical essence is drained by the effort!
    54 | D:5      | HP: 1/20 [sky beast (4)]
    55 | D:5      | Slain by a sky beast

Illustrated notes

Levels and vault maps discovered:
D:5:      layout_basic, nicolae_ru_great_annihilating_truth

Action                   || total
-------------------------++-------
Melee: Hand axe          ||    13
 Abil: Heal Wounds       ||     1
  Use: Scroll            ||     1
 Stab: Paralysed         ||     1
Armor: Leather armour    ||     5
Dodge: Dodged            ||     6
